cohdb
Replays
Latest Replays
All Replays
Popular Replays
Top Player Replays
Match Explorer
How It Works
Community
CoH3 Stats
Reddit
Sign in to upload your games and track your stats! →
Sign in with Steam
Match 42448406
Unlisted
Match 42448406
Overview
Messages
Build Orders
End
Selects Mechanized Battlegroup
Construct Infanterie Kompanie
Pioneer Squad
MG 42 Machine Gun Team
Grenadier Squad
Grenadier Squad
Selects Mobile Repair Stations
Construct Panzergrenadier Kompanie
251 Medium Carrier
Panzergrenadier Squad
Support Elements
StuG III G Assault Gun
Nebelwerfer 42 Rocket Launcher Team
StuG III G Assault Gun
Panzergrenadier Squad
Panzergrenadier Officer Quarters
MG 42 Machine Gun Team
StuG III G Assault Gun
Pioneer Squad
Selects Raid Package
Selects StuG Assault Group
Forward Retreat Point
StuG III G Assault Gun
woof_raff
SturmTigerGaddafi
nightshade rose
Friendly Mouse(Poxie)
ttheadventure
Santa's lap gremlin
fmas3
InDex
0
0
Comments
sign in to comment!
No comments posted yet!